 Dungeon Crawl Stone Soup version 0.18.1-6-gd335043 (webtiles) character file.

404812 Medar the Slayer (level 22, -1/238 HPs)
             Began as a Minotaur Chaos Knight on May 20, 2016.
             Hit by a large rock thrown by a stone giant (13 damage)
             ... on level 1 of the Depths.
             The game lasted 03:50:07 (76771 turns).

Medar the Slayer (Minotaur Chaos Knight)           Turns: 76771, Time: 03:50:07

Health: -1/238     AC: 27    Str: 29    XL:     22   Next: 35%
Magic:  34/34      EV: 24    Int: 11    God:    Xom [....*.]
Gold:   1686       SH:  8    Dex: 13    Spells: 0 memorised, 21 levels left

rFire  + . .     SeeInvis .     a - +3 triple sword (flame)
rCold  + + .     Gourm    .     y - +2 plate armour {rC+}
rNeg   . . .     Faith    .     (shield currently unavailable)
rPois  +         Spirit   .     (helmet unavailable)
rElec  +         Dismiss  .     k - +2 cloak {+Inv}
rCorr  +         Reflect  +     T - +0 pair of gloves
SustAt .         Harm     .     t - +0 pair of boots
MR     ++...                    X - brooch of Shielding {Reflect SH+8}
Stlth  ..........               L - ring of protection from magic
                                K - +4 ring of evasion

@: agile, resistant, very slightly contaminated, hasted, drained, very quick,
very resistant to hostile enchantments, extremely unstealthy
A: retaliatory headbutt, fangs 1, horns 3, repulsion field 1, slimy green scales
1, clever 1, clumsy 2, deformed body, regeneration 1, robust 1, electricity
resistance, strong 2
a: Renounce Religion, Evoke Invisibility
}: 2/15 runes: decaying, gossamer


You were on level 1 of the Depths.
You worshipped Xom.
You were a beloved toy of Xom.
You were not hungry.

You visited 8 branches of the dungeon, and saw 42 of its levels.
You visited the Abyss 2 times.
You also visited: Ice Cave.

You collected 7882 gold pieces.
You spent 6196 gold pieces at shops.

Inventory:

Hand Weapons
 a - a +3 triple sword of flaming (weapon)
 A - a +3 great sword of slicing
Armour
 k - a +2 cloak of invisibility (worn)
 t - a +0 pair of boots (worn)
 y - a +2 plate armour of cold resistance (worn)
 T - a +0 pair of gloves (worn)
Rods
 f - a +6 rod of shadows (11/11) {!a}
   (You found it on level 3 of the Elven Halls)
 N - a +4 iron rod (13/13)
   (You took it off a deep elf mage on level 3 of the Elven Halls)
Jewellery
 j - an uncursed ring of poison resistance
 E - an uncursed ring of protection from fire
 J - an uncursed ring of see invisible
 K - a +4 ring of evasion (left hand)
 L - a ring of protection from magic (right hand)
 X - the brooch of Shielding (around neck) {Reflect SH+8}
   (You took it off a deep elf death mage on level 3 of the Elven Halls)

   [amulet of reflection]

   It shields you and reflects attacks.
   It affects your SH (+8).
Wands
 q - a wand of disintegration (8/24)
 u - a wand of hasting (5/9)
 B - a wand of acid (1/15)
 C - a wand of iceblast (2/15)
 Q - a wand of digging (1/24)
 S - a wand of heal wounds (0/9)
 U - a wand of paralysis (17/24)
 Z - a wand of teleportation (1/9)
Scrolls
 d - 3 scrolls of silence {!r}
 e - 4 scrolls of magic mapping {@r3}
 l - 7 scrolls of fog
 n - 8 scrolls of remove curse {@r1}
 o - a scroll of blinking
 r - 3 scrolls of identify {@r2}
 v - 5 scrolls of fear
 O - 3 scrolls of vulnerability
Potions
 b - 3 potions of flight
 i - 2 potions of cancellation
 x - 5 potions of magic
 z - 3 potions of agility
 D - 2 potions of curing {@q1}
 F - a potion of haste
 R - 2 potions of resistance
 W - 4 potions of might
Miscellaneous
 g - a box of beasts {used: 1}
 p - a phantom mirror
 M - a lamp of fire
 P - a phial of floods
 V - a stone of tremors
Comestibles
 c - 17 bread rations {@e1}
 m - 12 meat rations {@e2}
 w - 25 fruits {@e3}


   Skills:
 - Level 22.7(22.1) Fighting
 + Level 20.0(19.4) Long Blades
 - Level 22.6(22.0) Armour
 - Level 10.1(9.7) Dodging
   Level 5.1(4.7) Shields
 - Level 18.1(17.6) Evocations


You had 21 spell levels left.
You didn't know any spells.

Dungeon Overview and Level Annotations

Branches:
Dungeon (15/15)            Temple (0/1) D:5            Lair (8/8) D:11
  Swamp (4/4) Lair:6       Spider (4/4) Lair:3        Slime (0/6) Lair:8
    Orc (2/2) D:10            Elf (3/3) Orc:2        Vaults (4/5) D:14
  Crypt (0/3) Vaults:2     Depths (2/5) D:15

Altars:
Ashenzari
Dithmenos
Fedhas
Gozag
Kikubaaqudgha
Makhleb
Nemelex Xobeh
Pakellas
Qazlal
Ru
Sif Muna
Trog
Xom
Yredelemnul
Beogh

Shops:
D:8 :   Orc:1 *![%   Orc:2 *[=(   Elf:1 :   Elf:3 *   Vaults:3 [(*
Vaults:4 %:?

Portals:
Hell: Depths:1
Abyss: Depths:1
Ziggurat: Depths:2

Annotations:
Vaults:2 Mennas


Innate Abilities, Weirdness & Mutations

You reflexively headbutt those who attack you in melee.
You have a pair of large horns on your head.
You have very sharp teeth.
You are surrounded by a mild repulsion field (EV +2).
You are partially covered in slimy green scales (AC +2).
Your mind is acute. (Int +2)
You are very clumsy. (Dex -4)
Armour fits poorly on your strangely shaped body.
Your natural rate of healing is unusually fast.
You are robust (+10% HP).
You are resistant to electric shocks.
Your muscles are very strong. (Str +4)


Message History

The bolt of negative energy misses you.
The yaktaur shouts!
The yaktaur shouts!
A yaktaur comes into view.
The stone giant hits you but does no damage.
The ettin closely misses you. You furiously retaliate!
You headbutt the ettin! The ettin hits you with a dire flail!!!
* * * LOW HITPOINT WARNING * * *
Xom roars with laughter!
You hear a shout!
Drink which item? (? for menu, Esc to quit)
Okay, then.
Read which item? (? for menu, Esc to quit)
Okay, then.
The stone giant shouts!
The yaktaur wields an arbalest.
The yaktaur shoots a bolt.
The bolt completely misses you.
The stone giant throws a large rock.
The large rock hits you!
You die...
Xom bursts into laughter!

### #.## #### ###(# #
##...###..## .###
#)....($..@###########...##
##.......CC.§§§§(((#......
####...(((...CV§§§....%......
.......<(...G§§§s§..........#
.......))......§..?..........
(..........c.§§...%..........
...(.C...cc.........s........
###...C...cc.............p......


You could see 3 stone giants, a great orb of eyes, an ettin, a vampire mage, 5
yaktaurs and a redback.

Vanquished Creatures
  the Lernaean hydra (Swamp:4)
  Arachne (Spider:2)
  Jorgrun (Spider:2)
  A lich (Depths:1)
  Xtahua (Vaults:2)
  2 deep elf blademasters (Elf:3)
  A deep elf master archer (Elf:3)
  Frances (Swamp:2)
  A death cob (Swamp:4)
  4 sphinxes
  A tentacled starspawn (Abyss:2)
  A storm dragon (Elf:3)
  The ghost of epen the Corrupter of Planes, an adept DsAK of Lugonu (Swamp:4)
  Roxanne (Spider:3)
  A tengu reaver (Vaults:4)
  2 fire giants (Vaults:3)
  5 deep elf sorcerers
  Wiglaf (Vaults:4)
  9 vault wardens
  A frost giant (Vaults:4)
  9 ghost moths
  A curse skull (Vaults:2)
  Louise (D:15)
  5 emperor scorpions (Spider:4)
  10 ironheart preservers
  2 very ugly things (D:15)
  3 stone giants
  9 deep elf demonologists
  9 deep elf annihilators
  6 starcursed masses (Abyss:2)
  5 spark wasps
  Snorg (Orc:2)
  14 deep elf death magi
  7 vault guards
  A crystal guardian (Vaults:2)
  2 deep elf high priests (Elf:3)
  3 fire dragons
  5 entropy weavers
  8 yaktaur captains
  10 ogre magi
  5 great orbs of eyes
  5 jiangshi
  19 hydras
  2 rakshasas
  2 ghost crabs
  4 centaur warriors
  2 catoblepae
  The ghost of Chiseanne the Imperceptible, a journeyman SpHu of Okawaru (Lair:8)
  An alligator snapping turtle (Swamp:1)
  10 death yaks
  23 dancing weapons
  7 alligators
  A vampire mage (Depths:2)
  The ghost of M4edhros the Destroyer, a journeyman FoCj of Dithmenos (D:12)
  6 tengu warriors
  5 orc high priests
  17 deep elf knights
  A thrashing horror (Abyss:2)
  A soul eater (Abyss:2)
  Urug (Lair:3)
  6 large abominations
  Sonja (Lair:4)
  3 wretched stars
  A storm dragon zombie (Vaults:3)
  5 skeletal warriors
  2 unseen horrors (Vaults:1)
  10 swamp dragons
  An unseen horror (shapeshifter) (Spider:1)
  11 hill giants
  2 spriggan druids (Swamp:3)
  A flayed ghost (Vaults:4)
  2 deep trolls
  2 shambling mangroves
  An orb spider (shapeshifter) (Vaults:4)
  22 deep elf archers
  8 ironbrand convokers
  3 necromancers
  10 hornets
  13 harpies
  67 deep elf magi
  A fire giant zombie (Vaults:3)
  15 orb spiders
  An oklob plant (Lair:6)
  A faun (Lair:4)
  2 wizards
  16 orc knights
  2 mana vipers (shapeshifter)
  A frost giant zombie (Vaults:3)
  A hornet (shapeshifter) (D:15)
  3 moths of wrath
  4 cyclopes
  18 slime creatures
  9 ugly things
  8 orc sorcerers
  34 wolf spiders
  3 manticores
  A salamander (shapeshifter) (D:15)
  A worldbinder (Abyss:2)
  9 griffons
  4 elephants (Lair:7)
  6 black mambas
  2 ice statues (IceCv)
  A stone giant skeleton (Depths:1)
  11 vault sentinels
  A titan simulacrum (Vaults:3)
  4 torpor snails
  24 spiny frogs
  2 gargoyles
  4 centaur skeletons
  3 kobold demonologists
  2 storm dragon simulacra
  6 rime drakes
  3 freezing wraiths
  A redback zombie (D:13)
  3 tengu conjurers
  30 yaktaurs
  An efreet (D:15)
  10 komodo dragons
  23 demonic crawlers
  An ancient zyme (Abyss:2)
  11 trolls
  9 polar bears
  A jumping spider (shapeshifter) (D:13)
  39 jumping spiders
  3 giant leeches
  A wind drake (shapeshifter) (Vaults:2)
  5 boulder beetles
  16 two-headed ogres
  15 blink frogs
  9 raiju
  14 bog bodies
  An ettin zombie (Vaults:3)
  A human simulacrum (Vaults:3)
  A slime creature (shapeshifter) (D:15)
  2 air elementals
  A redback (shapeshifter) (Vaults:3)
  3 flying skulls (Abyss:2)
  100 redbacks
  15 spriggans
  A spriggan (shapeshifter) (D:13)
  4 shadows
  5 wraiths
  39 tarantellas
  2 yaks (shapeshifter)
  45 yaks
  4 water elementals
  3 wyverns
  A ynoxinul (Abyss:2)
  4 fire elementals
  6 basilisks
  2 chaos spawn (Abyss:2)
  2 neqoxecs (Abyss:2)
  2 steam dragons
  18 vampire mosquitoes
  A yaktaur simulacrum (Vaults:3)
  5 small abominations (Abyss:2)
  9 hippogriffs
  A spatial vortex (Lair:6)
  5 mottled dragons
  12 wargs
  26 swamp worms
  5 soldier ants (Lair:3)
  17 water moccasins
  11 porcupines
  A porcupine (shapeshifter) (Elf:3)
  2 hell hounds (Lair:8)
  57 orc warriors
  19 swamp drakes
  2 sky beasts
  A spriggan simulacrum (Depths:1)
  A phantom (D:7)
  15 black bears
  16 wasps
  16 ice beasts
  A necrophage (D:10)
  14 wolves
  13 centaurs
  41 ogres
  3 boggarts (Vaults:2)
  20 crocodiles
  4 big kobolds
  The ghost of eragonby the Conjurer, an amateur DECj (D:3)
  23 giant frogs
  A gnoll sergeant (Orc:1)
  4 earth elementals
  A human skeleton (Vaults:3)
  A wyvern skeleton (D:10)
  A water moccasin skeleton (D:5)
  4 scorpions
  Dowan (D:7)
  10 wights
  16 killer bees
  2 howler monkeys
  7 electric eels
  10 crimson imps
  2 centaur zombies
  A giant frog zombie (D:12)
  3 quasits
  2 jellies
  23 orc priests
  35 orc wizards
  16 hounds
  20 iguanas
  22 worker ants
  14 sheep
  2 hound zombies
  A hound skeleton (D:5)
  19 gnolls
  16 adders
  35 river rats
  3 shadow imps
  13 white imps
  2 oozes
  2 adder skeletons
  3 adder zombies
  2 worms
  4 dart slugs
  3 giant geckos
  114 orcs
  3 ball pythons
  4 bats
  7 giant cockroaches
  7 goblins
  5 hobgoblins
  14 jackals
  19 kobolds
  3 quokkas
  A giant cockroach zombie (D:5)
  A giant gecko skeleton (D:7)
  6 giant newts
  4 rats
  3 fungi
1924 creatures vanquished.

Vanquished Creatures (collateral kills)
  A deep elf sorcerer (Elf:3)
  An emperor scorpion (Spider:4)
  2 vault wardens
  An ironheart preserver (Vaults:3)
  A queen ant (Lair:3)
  Nergalle (Lair:3)
  An ugly thing (D:11)
  2 vault sentinels (Vaults:3)
  A spiny frog (Lair:3)
  A komodo dragon (Lair:8)
  A raiju (Lair:8)
  A hog (D:7)
  A mottled dragon (Lair:8)
  A soldier ant (Lair:3)
  2 orc warriors
  2 killer bees (D:5)
  A hound (Lair:8)
  An iguana (Lair:8)
  2 worker ants (Lair:3)
  2 sheep (Lair:3)
  A hound skeleton (D:4)
  A shadow imp (D:11)
  22 orcs
50 creatures vanquished.

Vanquished Creatures (others)
  A deep elf master archer (Elf:3)
  A frost giant (Vaults:4)
  A vault warden (Vaults:4)
  A stone giant (Vaults:4)
  An ironheart preserver (Vaults:4)
  A salamander stormcaller (Vaults:4)
  2 jiangshi (Abyss:2)
  2 deep elf high priests
  A rakshasa (Vaults:1)
  2 centaur warriors
  An ogre mage (Vaults:4)
  4 dancing weapons
  2 deep elf knights
  A spriggan druid (Swamp:4)
  2 ironbrand convokers (Vaults:4)
  2 deep elf archers (Elf:3)
  3 deep elf magi
  An orc knight (Vaults:4)
  A manticore (D:8)
  An elephant (Lair:1)
  A hornet (Swamp:1)
  Duvessa (D:7)
  6 yaktaurs (Vaults:4)
  A troll (Vaults:4)
  2 two-headed ogres (Vaults:4)
  2 redbacks (Spider:4)
  2 humans (Swamp:1)
  A tarantella (Spider:4)
  A hell hound (Lair:8)
  3 orc warriors (Vaults:4)
  An ice beast (D:10)
  3 slaves (D:7)
  A wasp (Swamp:4)
  3 ogres (Vaults:4)
  An orc priest (Vaults:4)
  An orc wizard (Vaults:4)
  An adder zombie (D:5)
  A giant gecko (D:7)
  4 orcs
  A quokka (D:4)
  2 fulminant prisms (D:12)
  14 fungi
  A lurking horror (Abyss:2)
  17 plants
  6 starspawn tentacles (Abyss:2)
  335 starspawn tentacle segments (Abyss:2)
443 creatures vanquished.

Grand Total: 2417 creatures vanquished

Notes
Turn   | Place    | Note
--------------------------------------------------------------
     0 | D:1      | Medar the Minotaur Chaos Knight began the quest for the Orb.
     0 | D:1      | Reached XP level 1. HP: 19/19 MP: 0/0
   118 | D:1      | Reached XP level 2. HP: 26/26 MP: 1/1
   221 | D:1      | Reached skill level 1 in Shields
   376 | D:2      | Reached XP level 3. HP: 31/31 MP: 2/2
   394 | D:2      | XOM: harmless Divn miscast
   402 | D:2      | Found a faded altar to an unknown god.
   640 | D:2      | Noticed an earth elemental
   646 | D:2      | Found a stormy altar of Qazlal.
   647 | D:2      | Noticed an air elemental
   647 | D:2      | Noticed a water elemental
   647 | D:2      | Noticed a fire elemental
   676 | D:2      | Reached XP level 4. HP: 39/39 MP: 3/3
   709 | D:2      | XOM: noise
   748 | D:3      | XOM: harmless Fire miscast
   761 | D:3      | XOM: divination: detect items
   787 | D:3      | XOM: mild Necr miscast
   816 | D:3      | Reached skill level 5 in Shields
   850 | D:2      | Reached XP level 5. HP: 8/44 MP: 4/4
   899 | D:2      | XOM: god gift: 22 gold pieces
  1262 | D:3      | Noticed eragonby's ghost (amateur DECj)
  1275 | D:3      | Killed eragonby's ghost
  1275 | D:3      | Reached skill level 5 in Long Blades
  1683 | D:3      | XOM: harmless Conj miscast
  1710 | D:3      | XOM: medium Tloc miscast
  1968 | D:3      | XOM: enchant monster (bad)
  1999 | D:3      | Reached XP level 6. HP: 34/50 MP: 5/5
  2173 | D:3      | XOM: harmless Summ miscast
  2178 | D:3      | XOM: 1-stop teleportation journey
  2350 | D:4      | XOM: scenery: 1 doors open
  2569 | D:4      | XOM: 5-stop teleportation journey
  2616 | D:4      | Found a basalt altar of Yredelemnul.
  2646 | D:4      | XOM: scenery: create altars
  2650 | D:4      | XOM: cast spell 'Discord'
  3188 | D:5      | Entered Level 5 of the Dungeon
  3331 | D:5      | Reached XP level 7. HP: 44/56 MP: 6/6
  3445 | D:5      | XOM: cast spell 'Statue Form'
  3457 | D:5      | Found a staircase to the Ecumenical Temple.
  3503 | D:5      | XOM: give mutation
  3503 | D:5      | Gained mutation: You regenerate slowly when monsters are visible. [Xom's mischief]
  3519 | D:5      | XOM: summons 3 friendly demons
  3904 | D:5      | XOM: colour smoke trail
  4022 | D:5      | XOM: harmless Tloc miscast
  4158 | D:5      | XOM: summons 2 friendly demons
  4160 | D:5      | Reached skill level 10 in Long Blades
  4171 | D:5      | XOM: noise
  4176 | D:5      | Reached XP level 8. HP: 23/64 MP: 7/7
  4207 | D:5      | HP: 3/64 [poisoned by a killer bee]
  4618 | D:5      | Found an opulent altar of Gozag.
  4688 | D:5      | XOM: god gift: antique book {god gift}
  4689 | D:5      | Identified Xom's Catalogue of the Badger (Xom gifted it to you on level 5 of the Dungeon)
  4690 | D:5      | XOM: harmless Pois miscast
  4749 | D:5      | XOM: enchant monster (good)
  4790 | D:5      | XOM: divination: detect creatures
  5187 | D:6      | XOM: 2-stop teleportation journey
  5663 | D:6      | XOM: polymorph gnoll -> jackal
  5901 | D:7      | Gained mutation: You have large cloven feet. [potion of mutation]
  5901 | D:7      | Gained mutation: You are frail (-10% HP). [potion of mutation]
  5901 | D:7      | Gained mutation: You tend to lose your temper in combat. [potion of mutation]
  6003 | D:7      | XOM: vitrification
  6092 | D:7      | Reached skill level 5 in Fighting
  6108 | D:7      | Noticed Pikel
  6115 | D:7      | Noticed Pikel
  6115 | D:7      | Pikel changed into Pikel the hog
  6115 | D:7      | XOM: polymorph Pikel -> Pikel the hog
  6118 | D:7      | XOM: summons 2 friendly demons
  6127 | D:7      | Killed Pikel the hog
  6127 | D:7      | Reached XP level 9. HP: 31/66 MP: 8/8
  6248 | D:7      | Found a bloodstained altar of Trog.
  6272 | D:7      | Noticed Dowan
  6278 | D:7      | Found a blossoming altar of Fedhas.
  6301 | D:7      | Killed Dowan
  6320 | D:7      | XOM: medium Trmt miscast
  6339 | D:7      | Killed Duvessa
  6620 | D:7      | XOM: summons friendly white imp
  6634 | D:7      | Reached skill level 5 in Armour
  6652 | D:7      | XOM: divination: magic mapping
  6686 | D:7      | XOM: summons 3 hostile demons
  6827 | D:7      | XOM: medium Pois miscast
  6860 | D:7      | XOM: mild Ice miscast
  6864 | D:7      | Reached skill level 5 in Dodging
  6953 | D:7      | XOM: harmless Fire miscast
  6970 | D:7      | XOM: harmless Necr miscast
  7179 | D:7      | XOM: vitrification
  7557 | D:8      | Reached XP level 10. HP: 77/77 MP: 9/9
  7559 | D:8      | Found Pyhawoum's Book Emporium.
  7559 | D:8      | XOM: swap monsters
  7561 | D:8      | XOM: enchant monster (good)
  7664 | D:7      | Found a deep blue altar of Sif Muna.
  7712 | D:8      | Found a sacrificial altar of Ru.
  7787 | D:8      | XOM: scenery: create altars
  7828 | D:8      | XOM: give mutations
  7828 | D:8      | Gained mutation: Your spells are a little harder to cast, but a little more powerful. [Xom's grace]
  7828 | D:8      | Gained mutation: You are agile. (Dex +2) [Xom's grace]
  7888 | D:8      | Noticed a centaur warrior
  7888 | D:8      | Noticed a manticore
  7888 | D:8      | a centaur warrior changed into a manticore
  7888 | D:8      | XOM: polymorph centaur warrior -> manticore
  7896 | D:8      | XOM: god gift: scimitar {god gift}
  7899 | D:8      | Killed a manticore
  7899 | D:8      | XOM: divine lightning (protected)
  8042 | D:8      | XOM: divination: detect items
  8065 | D:7      | XOM: swap monsters
  8151 | D:7      | XOM: god gift: runed great sword {god gift}
  8327 | D:8      | XOM: scenery: create altars
  8469 | D:8      | XOM: fog
  8482 | D:8      | XOM: fake destruction
  8551 | D:8      | XOM: potion effect (haste)
  8597 | D:8      | XOM: scenery: create altars
  8658 | D:8      | XOM: mild Conj miscast
  9029 | D:9      | Gained mutation: You are dopey. (Int -2) [mutagenic meat]
  9030 | D:9      | Gained mutation: Your movements are slightly less encumbered by armour (ER -2). [mutagenic meat]
  9065 | D:9      | XOM: blink monster(s)
  9073 | D:9      | XOM: summons 3 friendly demons
  9086 | D:9      | XOM: medium Chrm miscast
  9238 | D:9      | XOM: harmless Air miscast
  9330 | D:9      | XOM: god gift: hardcover book {god gift}
  9361 | D:9      | Found a sparkling altar of Nemelex Xobeh.
  9437 | D:9      | Noticed a hill giant
  9441 | D:9      | XOM: potion effect (curing)
  9754 | D:9      | Found an ancient bone altar of Kikubaaqudgha.
  9759 | D:9      | Found a burning altar of Makhleb.
  9764 | D:9      | Found a shadowy altar of Dithmenos.
  9850 | D:9      | Found a shattered altar of Ashenzari.
  9955 | D:9      | Killed a hill giant
  9955 | D:9      | Reached skill level 15 in Long Blades
  9973 | D:10     | Entered Level 10 of the Dungeon
 10106 | D:10     | You fall through a shaft for 2 floors!
 10116 | D:12     | XOM: divination: detect items
 10118 | D:12     | XOM: cast spell 'Leda's Liquefaction'
 10119 | D:12     | XOM: potion effect (brilliance)
 10140 | D:12     | Found a frozen archway.
 10145 | IceCv    | Entered an ice cave
 10154 | IceCv    | Reached XP level 11. HP: 76/82 MP: 10/10
 10154 | IceCv    | XOM: potion effect (invisibility)
 10176 | IceCv    | XOM: enchant monster (bad)
 10212 | IceCv    | XOM: colour smoke trail
 10648 | IceCv    | XOM: colour smoke trail
 10725 | IceCv    | XOM: noise
 11037 | IceCv    | Noticed an ice dragon
 11041 | IceCv    | Noticed an ice dragon
 11272 | IceCv    | Noticed a fire dragon
 11272 | IceCv    | an ice dragon changed into a fire dragon
 11964 | D:10     | Found a staircase to the Orcish Mines.
 12039 | D:10     | Noticed a deep elf mage
 12070 | D:10     | XOM: chaos cloud
 12087 | D:10     | Killed a deep elf mage
 12196 | D:11     | XOM: give mutations
 12196 | D:11     | Lost mutation: You are dopey. (Int -2) [Xom's mischief]
 12196 | D:11     | Gained mutation: You occasionally shout uncontrollably at your foes. [Xom's mischief]
 12196 | D:11     | Lost mutation: You are frail (-10% HP). [Xom's mischief]
 12466 | D:11     | XOM: confusion
 12529 | D:11     | XOM: 1-stop teleportation journey
 12530 | D:11     | Noticed a brown ugly thing
 12530 | D:11     | Noticed a red ugly thing
 12557 | D:11     | XOM: fake destruction
 12601 | D:11     | Killed a red ugly thing
 12686 | D:11     | Got an ancient scale mail
 12697 | D:11     | Identified the +6 scale mail of Nyugaggy {rN++} (You found it on level 11 of the Dungeon)
 12726 | D:11     | XOM: cast spell 'Cause Fear'
 12729 | D:11     | Killed a red ugly thing
 12736 | D:11     | XOM: confusion
 12821 | D:11     | XOM: 1-stop teleportation journey
 12902 | D:11     | XOM: give mutations
 12902 | D:11     | Gained mutation: You are surrounded by a mild repulsion field (EV +2). [Xom's grace]
 12902 | D:11     | Gained mutation: You are resistant to electric shocks. [Xom's grace]
 13018 | D:11     | Found an oddly glowing altar of Pakellas.
 13230 | D:11     | XOM: smoke on damage
 13266 | D:11     | Found a staircase to the Lair.
 13322 | D:11     | XOM: 2-stop teleportation journey
 13424 | Lair:1   | Entered Level 1 of the Lair of Beasts
 13488 | Lair:1   | Gained mutation: Your spells are harder to cast, but more powerful. [potion of beneficial mutation]
 13570 | Lair:1   | Noticed Fannar
 13571 | Lair:1   | Noticed a seven-headed hydra
 13571 | Lair:1   | XOM: destruction
 13578 | Lair:1   | XOM: scenery: create altars
 13602 | Lair:1   | XOM: summons friendly ufetubus
 13616 | Lair:1   | XOM: enchant monster (good)
 13617 | Lair:1   | Noticed Fannar
 13617 | Lair:1   | Fannar changed into Fannar the elephant
 13617 | Lair:1   | XOM: polymorph Fannar -> Fannar the elephant
 13619 | Lair:2   | XOM: noise
 13785 | Lair:2   | XOM: cast spell 'Summon Mana Viper'
 13794 | Lair:2   | XOM: confuse monster(s)
 13823 | Lair:2   | XOM: scenery: create altars
 13838 | Lair:2   | XOM: swap monsters
 13884 | Lair:2   | XOM: enchant monster (bad)
 13885 | Lair:2   | Reached skill level 1 in Evocations
 13889 | Lair:2   | XOM: blink monster(s)
 13890 | Lair:2   | XOM: divination: detect creatures
 13908 | Lair:2   | Reached XP level 12. HP: 32/100 MP: 11/13
 13915 | Lair:2   | XOM: smoke on damage
 13974 | Lair:2   | XOM: cast spell 'Summon Butterflies'
 14124 | Lair:2   | XOM: god gift: 12 gold pieces
 14156 | Lair:2   | XOM: medium Conj miscast
 14398 | Lair:2   | XOM: smoke on damage
 14618 | Lair:2   | XOM: divination: magic mapping
 14706 | Lair:2   | Noticed a five-headed hydra
 14724 | Lair:1   | XOM: noise
 14728 | Lair:1   | Noticed an eight-headed hydra
 14736 | Lair:1   | XOM: confuse monster(s)
 14739 | Lair:1   | XOM: cast spell 'Olgreb's Toxic Radiance'
 14740 | Lair:1   | Killed Fannar the elephant
 14742 | Lair:1   | XOM: potion effect (berserk rage)
 15032 | D:12     | Reached skill level 5 in Evocations
 15037 | D:12     | XOM: mild Conj miscast
 15235 | D:12     | XOM: cast spell 'Summon Butterflies'
 15289 | D:12     | XOM: cast spell 'Summon Butterflies'
 15300 | D:12     | Noticed M4edhros's ghost (journeyman FoCj)
 15301 | D:12     | XOM: divination: detect creatures
 15313 | D:12     | Killed M4edhros's ghost
 15322 | D:12     | XOM: harmless Summ miscast
 15403 | D:12     | XOM: silly message
 15440 | D:12     | XOM: potion effect (might)
 15552 | D:13     | XOM: silly message
 15564 | D:13     | Noticed a tengu warrior
 15564 | D:13     | Noticed a tengu warrior
 15572 | D:13     | Killed a tengu warrior
 15578 | D:13     | Killed a tengu warrior
 15587 | D:13     | XOM: cast spell 'Call Canine Familiar'
 15593 | D:13     | XOM: enchant monster (bad)
 15972 | D:13     | XOM: silly message
 16239 | D:13     | XOM: summons 3 hostile shadow creatures
 16270 | D:13     | XOM: 2-stop teleportation journey
 16412 | D:13     | XOM: harmless Summ miscast
 16555 | D:13     | XOM is BORED!
 16595 | D:14     | Noticed a vault guard
 16614 | D:14     | XOM: 1-stop teleportation journey
 16626 | D:14     | Noticed a tengu warrior
 16639 | D:14     | XOM: noise
 16651 | D:14     | Killed a tengu warrior
 16945 | D:14     | XOM: butterfly on damage
 16947 | D:14     | Reached XP level 13. HP: 81/111 MP: 16/16
 17169 | D:14     | Found a basalt altar of Yredelemnul.
 17186 | D:14     | XOM: harmless Tloc miscast
 17260 | D:14     | Noticed a vault guard
 17263 | D:14     | XOM: swap monsters
 17267 | D:14     | XOM: give mutations
 17267 | D:14     | Gained mutation: You are dopey. (Int -2) [Xom's mischief]
 17267 | D:14     | Gained mutation: Scrolls take you a little longer to read. [Xom's mischief]
 17404 | D:14     | XOM: 3-stop teleportation journey
 17645 | D:14     | XOM: scenery: create altars
 17816 | D:14     | XOM: scenery: create altars
 17839 | D:14     | Reached skill level 10 in Fighting
 17846 | D:14     | XOM is BORED!
 17846 | D:14     | XOM: noise
 17876 | D:14     | XOM: noise
 18041 | D:14     | XOM: silly message
 18238 | D:15     | Entered Level 15 of the Dungeon
 18429 | D:15     | XOM: noise
 18489 | D:15     | XOM is BORED!
 18489 | D:15     | XOM: 5-stop teleportation journey
 18493 | D:15     | XOM: noise
 18502 | D:15     | Reached skill level 10 in Armour
 18505 | D:15     | XOM: chaos upgrade
 18507 | D:15     | XOM: 1-stop teleportation journey
 18685 | D:10     | XOM: medium Trmt miscast
 18687 | Orc:1    | XOM: noise
 18687 | Orc:1    | Entered Level 1 of the Orcish Mines
 18687 | Orc:1    | Found Urekh's Food Emporium.
 18768 | Orc:1    | XOM: summons 6 hostile demons
 18892 | Orc:2    | XOM: stealth player
 18892 | Orc:2    | Entered Level 2 of the Orcish Mines
 18892 | Orc:2    | Found a staircase to the Elven Halls.
 18900 | Orc:1    | Cast into level 3 of the Abyss (orc knight)
 18948 | Abyss:3  | Noticed a starcursed mass
 19007 | Abyss:3  | XOM: scenery: create altars
 19042 | Abyss:3  | Noticed a blizzard demon
 19058 | Orc:1    | Escaped the Abyss
 19285 | Orc:2    | XOM: enchant monster (bad)
 19316 | Orc:1    | XOM: draining
 19639 | Orc:1    | Found Jolisesa's Armour Boutique.
 20177 | Orc:1    | Found Veeddix's Distillery.
 20180 | Orc:1    | XOM: give mutation
 20180 | Orc:1    | Lost mutation: You regenerate slowly when monsters are visible. [Xom's mischief]
 20189 | Orc:1    | Bought a potion of berserk rage for 70 gold pieces
 20189 | Orc:1    | Bought a potion of agility for 56 gold pieces
 20189 | Orc:1    | Bought a potion of curing for 42 gold pieces
 20189 | Orc:1    | Bought a potion of might for 56 gold pieces
 20322 | Orc:1    | Found a roughly hewn altar of Beogh.
 20330 | Orc:1    | XOM: summons 3 hostile shadow creatures
 20348 | Orc:1    | XOM: polymorph ogre -> hog
 20390 | Orc:2    | XOM: medium Ice miscast
 20621 | Orc:2    | Found a burning altar of Makhleb.
 20657 | Orc:2    | XOM: cast spell 'Statue Form'
 20663 | Orc:2    | XOM: fog
 20666 | Orc:2    | XOM: mild Trmt miscast
 20718 | Orc:2    | Noticed an orc warlord
 20721 | Orc:2    | XOM: enchant monster (bad)
 20726 | Orc:2    | XOM: swap monsters
 20728 | Orc:2    | Noticed a sphinx
 20728 | Orc:2    | an orc warlord changed into a sphinx
 20728 | Orc:2    | XOM: polymorph orc warlord -> sphinx
 20736 | Orc:2    | Lost mutation: Your movements are slightly less encumbered by armour (ER -2). [potion of cure mutation]
 20736 | Orc:2    | Lost mutation: You tend to lose your temper in combat. [potion of cure mutation]
 20736 | Orc:2    | Lost mutation: You are dopey. (Int -2) [potion of cure mutation]
 20736 | Orc:2    | Lost mutation: You occasionally shout uncontrollably at your foes. [potion of cure mutation]
 20736 | Orc:2    | Lost mutation: You have large cloven feet. [potion of cure mutation]
 20747 | Orc:2    | Killed a sphinx
 20747 | Orc:2    | Reached skill level 10 in Dodging
 21038 | Orc:2    | XOM: noise
 21165 | Orc:2    | XOM: confusion (+ monsters)
 21224 | Orc:2    | XOM: summons 6 hostile demons
 21258 | Orc:2    | XOM: scenery: create altars
 21533 | Orc:2    | XOM: give mutations
 21533 | Orc:2    | Gained mutation: You are resistant to hostile enchantments. [Xom's mischief]
 21533 | Orc:2    | Lost mutation: You are agile. (Dex +2) [Xom's mischief]
 21533 | Orc:2    | Gained mutation: You are weak. (Str -2) [Xom's mischief]
 21589 | Orc:2    | XOM: severe Conj miscast
 21896 | Orc:2    | XOM: summons 6 hostile demons
 22071 | Orc:2    | Found Fioch's General Store.
 22072 | Orc:2    | Found Urycviw's Jewellery Shoppe.
 22073 | Orc:2    | Found Kogaeluxu's Antique Armour Shoppe.
 22073 | Orc:2    | Found Siynor's Antique Weapon Emporium.
 22097 | Orc:2    | Bought a runed plate armour for 828 gold pieces
 22138 | Orc:2    | Bought a glowing double sword for 465 gold pieces
 22140 | Orc:2    | Bought a glowing great sword for 201 gold pieces
 22148 | Orc:2    | XOM: give mutations
 22148 | Orc:2    | Gained mutation: You are frail (-10% HP). [Xom's mischief]
 22148 | Orc:2    | Gained mutation: You are very frail (-20% HP). [Xom's mischief]
 22210 | Orc:2    | Reached XP level 14. HP: 70/99 MP: 19/19
 22310 | Orc:2    | Found a roughly hewn altar of Beogh.
 22369 | Orc:2    | Noticed Snorg
 22378 | Orc:2    | Killed Snorg
 22400 | Orc:2    | XOM: noise
 22925 | Orc:1    | Found Bungi's General Store.
 22934 | Orc:1    | Bought a scroll of identify for 30 gold pieces
 23101 | Orc:2    | Bought a runed demon blade for 465 gold pieces
 23526 | D:11     | XOM: silly message
 23710 | Lair:1   | XOM: confusion
 23717 | Lair:1   | XOM: repel stairs
 24294 | Lair:1   | XOM: medium Conj miscast
 24358 | Lair:1   | XOM: cast spell 'Leda's Liquefaction'
 24502 | Lair:2   | XOM: enchant monster (bad)
 24683 | Lair:2   | XOM: summons 2 hostile shadow creatures
 24786 | Lair:2   | XOM: enchant monster (bad)
 25169 | Lair:3   | Noticed Nergalle
 25178 | Lair:3   | Killed Nergalle
 25217 | Lair:3   | Found a hole to the Spider Nest.
 25387 | Lair:3   | XOM: summons 4 hostile demons
 25605 | Lair:3   | XOM is BORED!
 25605 | Lair:3   | XOM: enchant monster (bad)
 25633 | Lair:3   | Noticed Urug
 25642 | Lair:3   | Killed Urug
 25808 | Lair:3   | XOM: confuse monster(s)
 25809 | Lair:3   | XOM: fog
 26121 | Lair:4   | Noticed Sonja
 26137 | Lair:4   | XOM: divination: detect items
 26160 | Lair:4   | Killed Sonja
 26484 | Lair:4   | XOM: vitrification
 26587 | Lair:4   | XOM: harmless Divn miscast
 26590 | Lair:4   | XOM: enchant monster (good)
 26640 | Lair:4   | XOM: divination: detect creatures
 26777 | Lair:4   | Got a bronze scale mail
 26788 | Lair:4   | Identified the +3 scale mail of Gluttony {+Inv rC+ MP+9 Slay+2} (You found it on level 4 of the Lair of Beasts)
 26808 | Lair:4   | XOM: god gift: 14 gold pieces
 27236 | Lair:5   | XOM: divination: detect creatures
 27242 | Lair:5   | XOM: cast spell 'Spider Form'
 27245 | Lair:5   | Got a garnet-encrusted leather armour
 27287 | Lair:5   | XOM: potion effect (invisibility)
 27537 | Lair:5   | XOM: potion effect (invisibility)
 28028 | Lair:5   | XOM: silly message
 28222 | Lair:6   | XOM: confuse monster(s)
 28555 | Lair:6   | XOM: mild Pois miscast
 28808 | Lair:6   | XOM: harmless Necr miscast
 28817 | Lair:6   | XOM: mild Summ miscast
 28901 | Lair:6   | XOM: give mutations
 28901 | Lair:6   | Gained mutation: You are extremely frail (-30% HP). [Xom's mischief]
 28901 | Lair:6   | Lost mutation: Your spells are harder to cast, but more powerful. [Xom's mischief]
 28901 | Lair:6   | Lost mutation: You are extremely frail (-30% HP). [Xom's mischief]
 29087 | Lair:6   | XOM: cast spell 'Ice Form'
 29107 | Lair:6   | XOM: noise
 29119 | Lair:6   | XOM: mild Trmt miscast
 29122 | Lair:6   | XOM: blink monster(s)
 29142 | Lair:6   | Reached skill level 10 in Evocations
 29147 | Lair:6   | XOM: noise
 29257 | Lair:6   | Found a staircase to the Swamp.
 29306 | Lair:6   | XOM: severe Summ miscast
 29318 | Lair:5   | XOM: repel stairs
 29376 | Lair:5   | XOM: 2-stop teleportation journey
 29470 | Lair:6   | XOM: confuse monster(s)
 29478 | Lair:6   | XOM: polymorph yak -> blink frog
 29483 | Lair:6   | XOM: confuse monster(s)
 29503 | Lair:6   | XOM: vitrification
 29544 | Lair:6   | XOM: vitrification
 29626 | Lair:7   | XOM is BORED!
 29626 | Lair:7   | XOM: noise
 29654 | Lair:6   | XOM: harmless Divn miscast
 29684 | Lair:6   | Reached XP level 15. HP: 92/108 MP: 21/21
 29748 | Lair:7   | XOM: noise
 29750 | Lair:7   | XOM: fog
 29835 | Lair:7   | XOM: vitrification
 29985 | Lair:7   | XOM: potion effect (experience)
 29985 | Lair:7   | Reached XP level 16. HP: 97/116 MP: 21/23
 30004 | Lair:7   | XOM: potion effect (berserk rage)
 30021 | Lair:7   | XOM: potion effect (heal wounds)
 30024 | Lair:7   | XOM: potion effect (haste)
 30029 | Lair:7   | XOM: silly message
 30347 | Lair:7   | XOM: potion effect (agility)
 30700 | Lair:7   | XOM: divination: magic mapping
 30850 | Lair:8   | Entered Level 8 of the Lair of Beasts
 30918 | Lair:8   | XOM: potion effect (haste)
 30999 | Lair:8   | Noticed Chiseanne's ghost (journeyman SpHu)
 31001 | Lair:8   | XOM: scenery: create altars
 31061 | Lair:8   | XOM: scenery: create altars
 31090 | Lair:8   | XOM: scenery: create altars
 31102 | Lair:8   | XOM: summons 2 friendly demons
 31237 | Lair:7   | XOM: give mutations
 31237 | Lair:7   | Gained mutation: Your mind is acute. (Int +2) [Xom's grace]
 31237 | Lair:7   | Gained mutation: You passively map a small area around you. [Xom's grace]
 31237 | Lair:7   | Gained mutation: You have sharp toenails. [Xom's grace]
 31237 | Lair:7   | Gained mutation: Your system is resistant to poisons. [Xom's grace]
 31332 | Lair:8   | XOM is BORED!
 31332 | Lair:8   | XOM: confusion (+ monsters)
 31380 | Lair:8   | Killed Chiseanne's ghost
 31648 | Lair:8   | XOM: smoke on damage
 31651 | Lair:8   | XOM: summons 13 friendly demons
 31670 | Lair:8   | XOM: fog
 31672 | Lair:8   | XOM: fake destruction
 31678 | Lair:8   | XOM: cast spell 'Ice Form'
 31696 | Lair:8   | XOM: polymorph iguana -> hound
 31714 | Lair:7   | XOM: polymorph water moccasin -> ogre
 32286 | Lair:8   | XOM: enchant monster (good)
 32289 | Lair:8   | XOM: summons 10 friendly demons
 32543 | Lair:8   | Found a staircase to the Slime Pits.
 32697 | Lair:8   | XOM: cast spell 'Dragon Form'
 32700 | Lair:8   | XOM: divination: detect creatures
 32703 | Lair:8   | XOM: cast spell 'Summon Dragon'
 32761 | Lair:8   | Reached skill level 15 in Fighting
 32996 | Lair:8   | XOM: cast spell 'Chain of Chaos'
 33134 | Lair:8   | XOM: enchant monster (bad)
 33167 | Lair:8   | XOM: summons 8 hostile demons
 33316 | Lair:8   | XOM: colour smoke trail
 33535 | Lair:8   | XOM: give mutation
 33535 | Lair:8   | Lost mutation: Your spells are a little harder to cast, but a little more powerful. [Xom's mischief]
 33698 | Lair:8   | XOM: divination: detect items
 33706 | Lair:8   | Reached skill level 15 in Armour
 34373 | D:14     | XOM: enchant monster (good)
 34642 | Orc:2    | Bought a +3 amulet of reflection for 425 gold pieces
 34645 | Orc:2    | Bought an uncursed ring of see invisible for 255 gold pieces
 35023 | D:14     | XOM: summons 3 friendly demons
 35034 | D:14     | XOM: cast spell 'Warp Weapon'
 35086 | D:14     | Found a gate to the Vaults.
 35198 | D:15     | XOM: confuse monster(s)
 35567 | D:15     | Found a staircase to the Depths.
 35688 | D:15     | XOM: god gift: knobbly glowing staff {god gift}
 35824 | D:15     | Identified a scroll of acquirement
 35846 | D:15     | XOM: divination: detect creatures
 35990 | D:15     | XOM: 3-stop teleportation journey
 36047 | D:15     | Noticed Louise
 36054 | D:15     | Killed Louise
 36199 | D:15     | XOM: vitrification
 36246 | D:15     | XOM: vitrification
 36279 | D:15     | XOM: scenery: 1 doors close
 36349 | D:15     | XOM: god gift: runed scimitar {god gift}
 36401 | D:15     | XOM: scenery: 1 doors close
 36407 | D:15     | XOM: destruction
 36507 | D:12     | XOM: harmless Necr miscast
 36705 | Lair:4   | XOM: scenery: create altars
 36913 | Swamp:1  | Entered Level 1 of the Swamp
 36938 | Swamp:1  | XOM: confusion
 36941 | Swamp:1  | XOM: confuse monster(s)
 37007 | Lair:6   | XOM: god gift: plate armour {god gift}
 37141 | Lair:6   | XOM: god gift: 51 gold pieces
 37497 | Swamp:1  | XOM: cast spell 'Summon Butterflies'
 37661 | Swamp:1  | XOM: divination: magic mapping
 37832 | Swamp:1  | XOM: harmless Summ miscast
 37845 | Swamp:1  | XOM: potion effect (agility)
 37900 | Swamp:1  | Noticed Kirke
 37900 | Swamp:1  | Noticed Kirke
 37900 | Swamp:1  | Kirke changed into Kirke the alligator snapping turtle
 37900 | Swamp:1  | XOM: polymorph Kirke -> Kirke the alligator snapping turtle
 37933 | Swamp:1  | XOM: confuse monster(s)
 37934 | Swamp:1  | Killed Kirke the alligator snapping turtle
 38026 | Swamp:1  | XOM: mild Trmt miscast
 38035 | Swamp:1  | Reached XP level 17. HP: 105/126 MP: 25/25
 38421 | Swamp:1  | XOM: confuse monster(s)
 38621 | Swamp:1  | Gained mutation: You are partially covered in slimy green scales (AC +2). [mutagenic meat]
 38626 | Swamp:1  | Lost mutation: You are weak. (Str -2) [mutagenic meat]
 38630 | Swamp:2  | XOM: harmless Air miscast
 38648 | Swamp:1  | XOM: confuse monster(s)
 38682 | Swamp:2  | Gained mutation: Your muscles are strong. (Str +2) [mutagenic meat]
 38817 | Swamp:2  | Noticed Frances
 38829 | Swamp:2  | Killed Frances
 40267 | Swamp:3  | XOM: colour smoke trail
 40288 | Swamp:4  | Entered Level 4 of the Swamp
 40290 | Swamp:4  | XOM: polymorph thorn hunter -> death cob
 40291 | Swamp:4  | Noticed epen's ghost (adept DsAK)
 40292 | Swamp:4  | XOM: 9-stop teleportation journey
 40357 | Swamp:4  | XOM: summons 6 friendly demons
 40461 | Swamp:4  | XOM: potion effect (berserk rage)
 40617 | Swamp:4  | XOM: confusion (+ monsters)
 40651 | Swamp:4  | XOM: harmless Erth miscast
 40652 | Swamp:4  | XOM: silly message
 40665 | Swamp:4  | XOM: cast spell 'Warp Weapon'
 40950 | Swamp:3  | XOM: mild Pois miscast
 41044 | Swamp:4  | Noticed the 27-headed Lernaean hydra
 41053 | Swamp:4  | XOM: summons 6 friendly demons
 41056 | Swamp:4  | XOM: summons friendly shadow imp
 41061 | Swamp:4  | XOM: scenery: create altars
 41378 | Swamp:4  | XOM: divination: detect items
 41381 | Swamp:4  | XOM: confusion (+ monsters)
 41393 | Swamp:4  | XOM: noise
 41395 | Swamp:4  | XOM: swap monsters
 41409 | Swamp:4  | XOM: scenery: create altars
 41411 | Swamp:4  | XOM: scenery: create altars
 41415 | Swamp:4  | XOM: 6-stop teleportation journey
 41475 | Swamp:4  | XOM: fog
 41481 | Swamp:4  | Killed the 19-headed Lernaean hydra
 41533 | Swamp:4  | XOM: potion effect (heal wounds)
 41562 | Swamp:4  | XOM: scenery: create altars
 41728 | Swamp:4  | XOM: noise
 41754 | Swamp:3  | XOM: give mutations
 41754 | Swamp:3  | Lost mutation: Your system is resistant to poisons. [Xom's mischief]
 41754 | Swamp:3  | Gained mutation: Your spells are a little harder to cast, but a little more powerful. [Xom's mischief]
 42320 | Swamp:4  | XOM: give mutations
 42320 | Swamp:4  | Lost mutation: Your muscles are strong. (Str +2) [Xom's mischief]
 42320 | Swamp:4  | Lost mutation: Your spells are a little harder to cast, but a little more powerful. [Xom's mischief]
 42320 | Swamp:4  | Lost mutation: Your mind is acute. (Int +2) [Xom's mischief]
 42320 | Swamp:4  | Gained mutation: You are clumsy. (Dex -2) [Xom's mischief]
 42450 | Swamp:2  | XOM: harmless Summ miscast
 42647 | Swamp:2  | XOM: torment (58/128 hp)
 42670 | Swamp:2  | XOM: noise
 42881 | Swamp:3  | XOM: cast spell 'Cause Fear'
 43073 | Swamp:4  | XOM: divination: detect items
 43121 | Swamp:4  | Got a decaying rune of Zot
 43156 | Swamp:4  | XOM: divination: detect creatures
 43193 | Swamp:4  | XOM: potion effect (berserk rage)
 43207 | Swamp:4  | XOM: cast spell 'Summon Small Mammal'
 43215 | Swamp:4  | XOM: swap monsters
 43249 | Swamp:4  | Killed epen's ghost
 43440 | Swamp:4  | XOM: scenery: 1 fountains blood, 2 doors close
 43564 | Swamp:4  | XOM: scenery: create altars
 43771 | Spider:1 | Entered Level 1 of the Spider Nest
 43774 | Spider:1 | XOM: enchant monster (good)
 44014 | Spider:1 | XOM: scenery: create altars
 44170 | Spider:1 | Got a translucent hunting sling
 44175 | Spider:1 | XOM: mild Ice miscast
 44384 | Spider:1 | XOM: summons friendly quasit
 44800 | Lair:3   | XOM: scenery: 1 doors close
 44984 | Orc:2    | Bought a +4 ring of evasion for 612 gold pieces
 45206 | Spider:1 | XOM: divination: detect items
 45219 | Spider:1 | XOM: cast spell 'Ring of Flames'
 45325 | Spider:1 | XOM: polymorph jumping spider -> shapeshifter
 45357 | Spider:1 | XOM: noise
 45488 | Spider:1 | Reached XP level 18. HP: 112/136 MP: 27/27
 45642 | Spider:1 | XOM: harmless Summ miscast
 45979 | Spider:1 | XOM: severe Trmt miscast
 45979 | Spider:1 | Gained mutation: You are extremely frail (-30% HP). [the severe capriciousness of Xom]
 46072 | Spider:1 | XOM: noise
 46138 | Spider:1 | XOM: give mutations
 46138 | Spider:1 | Lost mutation: You are extremely frail (-30% HP). [Xom's mischief]
 46138 | Spider:1 | Gained mutation: You occasionally shout uncontrollably at your foes. [Xom's mischief]
 46138 | Spider:1 | Gained mutation: Scrolls take you longer to read. [Xom's mischief]
 46138 | Spider:1 | Lost mutation: Scrolls take you longer to read. [Xom's mischief]
 46263 | Spider:1 | XOM: harmless Divn miscast
 46739 | Spider:2 | XOM: 2-stop teleportation journey
 46771 | Spider:2 | XOM: give mutations
 46771 | Spider:2 | Lost mutation: You occasionally shout uncontrollably at your foes. [Xom's mischief]
 46771 | Spider:2 | Gained mutation: You are extremely frail (-30% HP). [Xom's mischief]
 46771 | Spider:2 | Lost mutation: You are resistant to hostile enchantments. [Xom's mischief]
 47041 | Spider:2 | XOM: potion effect (agility)
 47150 | Spider:2 | XOM: divination: detect creatures
 47286 | Spider:2 | XOM is BORED!
 47286 | Spider:2 | XOM: draining
 48099 | Spider:2 | XOM: give mutations
 48099 | Spider:2 | Gained mutation: You are dopey. (Int -2) [Xom's mischief]
 48099 | Spider:2 | Lost mutation: Scrolls take you a little longer to read. [Xom's mischief]
 48099 | Spider:2 | Lost mutation: You are extremely frail (-30% HP). [Xom's mischief]
 48099 | Spider:2 | Gained mutation: Armour fits poorly on your strangely shaped body. [Xom's mischief]
 48161 | Spider:2 | Gained mutation: Your natural rate of healing is unusually fast. [mutagenic meat]
 48191 | Spider:2 | Noticed Arachne
 48259 | Spider:1 | XOM: god gift: glowing hat {god gift}
 48572 | Spider:2 | XOM: mild Divn miscast
 48583 | Spider:2 | Killed Arachne
 49069 | Spider:3 | XOM: summons friendly ufetubus
 49176 | Spider:3 | Noticed Roxanne
 49511 | Spider:3 | Gained mutation: You expend magic power (3 MP) to strengthen your wands. [mutagenic meat]
 49513 | Spider:3 | Lost mutation: You expend magic power (3 MP) to strengthen your wands. [mutagenic meat]
 49551 | Spider:3 | XOM: vitrification
 49600 | Spider:3 | XOM: vitrification
 49670 | Spider:3 | Noticed Jorgrun
 49688 | Spider:2 | Killed Jorgrun
 50214 | Spider:3 | XOM: 2-stop teleportation journey
 50667 | Spider:4 | Entered Level 4 of the Spider Nest
 50701 | Spider:4 | XOM: summons friendly quasit
 50810 | Spider:4 | XOM: summons 9 friendly demons
 50988 | Spider:4 | XOM: colour smoke trail
 51117 | Spider:4 | XOM: summons friendly shadow imp
 51123 | Spider:4 | XOM: noise
 51328 | Spider:4 | XOM: summons friendly iron imp
 51384 | Spider:4 | XOM: harmless Divn miscast
 51386 | Spider:4 | XOM: cast spell 'Summon Small Mammal'
 51619 | Spider:4 | XOM: mild Erth miscast
 51630 | Spider:4 | XOM: noise
 51963 | Spider:4 | XOM: god gift: 62 gold pieces
 52023 | Spider:4 | Reached skill level 15 in Evocations
 52025 | Spider:4 | XOM: confuse monster(s)
 52040 | Spider:4 | XOM: summons friendly white imp
 52101 | Spider:4 | XOM: polymorph white imp -> quasit
 52291 | Spider:4 | XOM: divination: detect items
 52299 | Spider:4 | XOM: enchant monster (good)
 52345 | Spider:4 | XOM: confuse monster(s)
 52548 | Spider:4 | XOM: destruction
 52603 | Spider:4 | XOM: destruction
 52621 | Spider:4 | XOM: destruction
 52643 | Spider:4 | Reached XP level 19. HP: 40/145 MP: 29/29
 52885 | Spider:4 | XOM: noise
 52903 | Spider:4 | XOM: noise
 53137 | Spider:4 | XOM: smoke on damage
 53147 | Spider:4 | Lost mutation: Your natural rate of healing is unusually fast. [mutagenic meat]
 53204 | Spider:4 | XOM: medium Necr miscast
 53289 | Spider:4 | Got a gossamer rune of Zot
 53381 | Spider:3 | XOM: divination: detect items
 53407 | Spider:3 | XOM: god gift: ivory hand crossbow {god gift}
 53437 | Spider:3 | Got an ivory hand crossbow {god gift}
 53495 | Spider:3 | XOM: 2-stop teleportation journey
 53710 | Spider:3 | Killed Roxanne
 53712 | Spider:3 | Identified Roxanne's Almanac of Earth (You took it off Roxanne on level 3 of the Spider Nest)
 53717 | Spider:3 | Gained mutation: You expend magic power (3 MP) to strengthen your wands. [potion of mutation]
 54005 | Spider:1 | XOM: polymorph jumping spider -> manticore
 54108 | D:11     | XOM: colour smoke trail
 54121 | D:11     | XOM: summons 4 hostile demons
 54237 | Orc:2    | Bought an uncursed ring of protection from fire for 425 gold pieces
 54297 | Orc:1    | Bought a potion of cure mutation for 350 gold pieces
 54297 | Orc:1    | Lost mutation: You are dopey. (Int -2) [potion of cure mutation]
 54297 | Orc:1    | Lost mutation: Armour fits poorly on your strangely shaped body. [potion of cure mutation]
 54297 | Orc:1    | Lost mutation: You expend magic power (3 MP) to strengthen your wands. [potion of cure mutation]
 54297 | Orc:1    | Lost mutation: You have sharp toenails. [potion of cure mutation]
 54297 | Orc:1    | Lost mutation: You are very frail (-20% HP). [potion of cure mutation]
 54297 | Orc:1    | Lost mutation: You are partially covered in slimy green scales (AC +2). [potion of cure mutation]
 54297 | Orc:1    | Lost mutation: You are frail (-10% HP). [potion of cure mutation]
 54552 | Vaults:1 | Entered Level 1 of the Vaults
 55045 | Vaults:1 | XOM: confusion
 55112 | Vaults:1 | XOM: severe Air miscast
 55426 | Vaults:1 | XOM: fake destruction
 55854 | Vaults:1 | XOM: noise
 55904 | Vaults:1 | XOM: give mutations
 55904 | Vaults:1 | Gained mutation: You regenerate slowly when monsters are visible. [Xom's mischief]
 55904 | Vaults:1 | Gained mutation: You are weak. (Str -2) [Xom's mischief]
 56029 | Vaults:1 | XOM: medium Conj miscast
 56063 | Vaults:1 | XOM: 5-stop teleportation journey
 56584 | Vaults:2 | Gained mutation: You tend to lose your temper in combat. [mutagenic meat]
 56588 | Vaults:2 | Lost mutation: You are weak. (Str -2) [mutagenic meat]
 56589 | Vaults:2 | Gained mutation: You are dopey. (Int -2) [mutagenic meat]
 56604 | Vaults:2 | XOM: mild Summ miscast
 56620 | Vaults:2 | XOM: cast spell 'Metabolic Englaciation'
 56626 | Vaults:2 | Cast into level 2 of the Abyss (an ogre mage)
 56626 | Abyss:2  | Found a corrupted altar of Lugonu.
 56976 | Abyss:2  | XOM: enchant monster (bad)
 56980 | Abyss:2  | XOM: torment (17/147 hp)
 56986 | Abyss:2  | Found a corrupted altar of Lugonu.
 57627 | Abyss:2  | XOM: severe Divn miscast
 57662 | Abyss:2  | XOM: give mutations
 57662 | Abyss:2  | Gained mutation: You are very clumsy. (Dex -4) [Xom's mischief]
 57662 | Abyss:2  | Lost mutation: You passively map a small area around you. [Xom's mischief]
 57675 | Abyss:2  | XOM: harmless Ice miscast
 57787 | Abyss:2  | XOM: silly message
 58050 | Abyss:2  | XOM: potion effect (heal wounds)
 58111 | Abyss:2  | Noticed a bone dragon
 58125 | Abyss:2  | XOM: blink monster(s)
 58396 | Abyss:2  | Noticed a bone dragon
 58535 | Abyss:2  | XOM: medium Air miscast
 58697 | Abyss:2  | XOM: give mutations
 58697 | Abyss:2  | Gained mutation: You are weak. (Str -2) [Xom's mischief]
 58697 | Abyss:2  | Lost mutation: You are weak. (Str -2) [Xom's mischief]
 58720 | Abyss:2  | XOM: harmless Tloc miscast
 58730 | Vaults:2 | Escaped the Abyss
 58786 | Vaults:2 | XOM: harmless Necr miscast
 59186 | Vaults:2 | XOM: give mutations
 59186 | Vaults:2 | Lost mutation: You tend to lose your temper in combat. [Xom's mischief]
 59186 | Vaults:2 | Lost mutation: You regenerate slowly when monsters are visible. [Xom's mischief]
 59186 | Vaults:2 | Gained mutation: Your natural rate of healing is unusually fast. [Xom's mischief]
 59402 | Vaults:2 | Noticed Mennas
 59460 | Vaults:2 | XOM: draining
 59516 | Vaults:2 | Gained mutation: You have a pair of large horns on your head. [mutagenic meat]
 59640 | Vaults:2 | XOM: mild Chrm miscast
 59675 | Vaults:2 | XOM: fake destruction
 59681 | Vaults:2 | XOM: enchant monster (good)
 59741 | Vaults:2 | XOM: god gift: 20 stones
 59754 | Vaults:2 | XOM: god gift: 46 gold pieces
 59839 | Vaults:2 | XOM: confuse monster(s)
 59860 | Vaults:2 | XOM: confusion (+ monsters)
 59955 | Vaults:2 | Noticed Xtahua
 59960 | Vaults:2 | XOM: butterfly on damage
 59966 | Vaults:2 | XOM: summons 2 friendly demons
 59967 | Vaults:2 | XOM: summons 2 hostile shadow creatures
 59974 | Vaults:2 | XOM: noise
 60074 | Vaults:1 | XOM: scenery: 1 doors close
 60080 | Vaults:1 | XOM: divine lightning
 60102 | Vaults:1 | XOM: scenery: create altars
 60387 | Vaults:2 | XOM: summons 8 friendly demons
 60577 | Vaults:2 | Found a staircase to the Crypt.
 60604 | Vaults:2 | XOM: enchant monster (good)
 60614 | Vaults:2 | Killed Xtahua
 60662 | Vaults:3 | Reached XP level 20. HP: 182/194 MP: 31/31
 60738 | Vaults:3 | XOM: scenery: 1 doors open, 1 doors close
 60885 | Vaults:3 | XOM: god gift: 18 gold pieces
 60933 | Vaults:3 | XOM: harmless Conj miscast
 60946 | Vaults:3 | XOM: harmless Tloc miscast
 60992 | Vaults:3 | Found Gozag's Antique Weapon Shoppe.
 61006 | Vaults:3 | XOM: potion effect (brilliance)
 61025 | Vaults:3 | XOM: confusion
 61029 | Vaults:3 | XOM: scenery: create altars
 61040 | Vaults:3 | XOM: cast spell 'Dragon Form'
 61048 | Vaults:3 | XOM: 4-stop teleportation journey
 61269 | Vaults:3 | XOM: summons 3 hostile demons
 61276 | Vaults:3 | XOM: torment (98/195 hp)
 61281 | Vaults:3 | XOM: harmless Fire miscast
 61290 | Vaults:3 | XOM: enchant monster (good)
 61295 | Vaults:3 | XOM: cast spell 'Leda's Liquefaction'
 61325 | Vaults:3 | XOM: cast spell 'Warp Weapon'
 61405 | Vaults:3 | XOM: god gift: fabulously ornate robe {god gift}
 61408 | Vaults:3 | Got a fabulously ornate robe {god gift}
 61560 | Vaults:3 | XOM: 2-stop teleportation journey
 61579 | Vaults:3 | XOM: confuse monster(s)
 61589 | Vaults:3 | XOM: cast spell 'Summon Small Mammal'
 61603 | Vaults:3 | XOM: summons 5 friendly demons
 61657 | Vaults:3 | XOM: fog
 61719 | Vaults:3 | XOM: mild Conj miscast
 61733 | Vaults:2 | XOM: potion effect (heal wounds)
 61738 | Vaults:1 | XOM: cast spell 'Summon Butterflies'
 61770 | Vaults:1 | XOM: scenery: 1 doors close
 61939 | Vaults:1 | XOM: scenery: 1 doors open
 62130 | Vaults:3 | Got a twisted mace {drain}
 62165 | Vaults:3 | XOM: silly message
 62252 | Vaults:3 | XOM: divination: magic mapping
 62319 | Vaults:3 | XOM: divination: detect creatures
 62493 | Vaults:3 | XOM: harmless Air miscast
 62597 | Vaults:3 | Found an opulent altar of Gozag.
 62620 | Vaults:3 | Found Gozag's Assorted Antiques.
 62623 | Vaults:3 | Found Gozag's Antique Armour Shoppe.
 62671 | Vaults:3 | Bought a potion of curing for 300 gold pieces
 62679 | Vaults:3 | Bought an embroidered cloak for 450 gold pieces
 62959 | Vaults:4 | XOM: stealth player
 62977 | Vaults:4 | Noticed Wiglaf
 62998 | Vaults:4 | Killed Wiglaf
 63231 | Vaults:4 | XOM: potion effect (invisibility)
 63241 | Vaults:4 | XOM: divination: magic mapping
 63311 | Vaults:4 | XOM: confuse monster(s)
 63585 | Vaults:4 | XOM: confuse monster(s)
 63682 | Vaults:4 | XOM: scenery: 1 doors close
 63814 | Vaults:4 | XOM: 2-stop teleportation journey
 63816 | Vaults:4 | XOM: confuse monster(s)
 64157 | Vaults:4 | XOM: swap monsters
 64164 | Vaults:4 | XOM: summons 2 friendly demons
 64188 | Vaults:4 | XOM: summons friendly ufetubus
 64561 | Vaults:4 | Found Hoddaf's Food Shop.
 64801 | Vaults:4 | XOM: confusion (+ monsters)
 64804 | Vaults:4 | XOM: enchant monster (good)
 65009 | Vaults:4 | XOM: enchant monster (bad)
 65073 | Vaults:4 | XOM: enchant monster (bad)
 65076 | Vaults:4 | XOM: divination: magic mapping
 65091 | Vaults:4 | XOM: polymorph yaktaur captain -> something unseen
 65469 | Vaults:4 | XOM: divination: detect creatures
 65535 | Vaults:4 | XOM: confusion (+ monsters)
 65575 | Vaults:4 | XOM: medium Summ miscast
 65582 | Vaults:4 | XOM: polymorph soul eater -> sun demon
 65595 | Vaults:4 | XOM: divination: detect creatures
 65894 | Vaults:4 | Found Decill's Magic Scroll Emporium.
 65902 | Vaults:4 | Bought a scroll of teleportation for 69 gold pieces
 65902 | Vaults:4 | Bought a scroll of recharging for 218 gold pieces
 65949 | Vaults:4 | Found Qesuw's Book Emporium.
 66103 | Vaults:2 | XOM: divination: magic mapping
 66229 | D:14     | XOM: give mutations
 66229 | D:14     | Lost mutation: You are dopey. (Int -2) [Xom's mischief]
 66229 | D:14     | Gained mutation: Your body sometimes deteriorates upon taking damage. [Xom's mischief]
 66422 | Orc:1    | Bought 2 potions of might for 112 gold pieces
 66422 | Orc:1    | Bought a potion of might for 56 gold pieces
 66422 | Orc:1    | Bought a potion of mutation for 35 gold pieces
 66422 | Orc:1    | Bought a potion of mutation for 35 gold pieces
 66423 | Orc:1    | Gained mutation: You occasionally shout uncontrollably at your foes. [potion of mutation]
 66423 | Orc:1    | Gained mutation: Your muscles are strong. (Str +2) [potion of mutation]
 66481 | Orc:2    | Bought a wand of paralysis (17/24) for 304 gold pieces
 66481 | Orc:2    | Bought a scroll of fog for 32 gold pieces
 66481 | Orc:2    | Bought a scroll of fog for 32 gold pieces
 66550 | Elf:1    | Entered Level 1 of the Elven Halls
 66671 | Elf:1    | Found Ybovic's Book Boutique.
 66774 | Elf:1    | Reached XP level 21. HP: 191/205 MP: 32/32
 66820 | Elf:1    | XOM: scenery: create altars
 66969 | Elf:1    | XOM: polymorph deep elf mage -> tarantella
 66973 | Elf:1    | XOM: confuse monster(s)
 66982 | Elf:1    | XOM: potion effect (berserk rage)
 67205 | Elf:1    | XOM: noise
 67297 | Elf:1    | XOM: mild Divn miscast
 67384 | Elf:1    | XOM: enchant monster (good)
 67511 | Elf:1    | XOM: divination: detect items
 67679 | Elf:1    | Gained mutation: You can translocate small distances at will. [potion of mutation]
 67679 | Elf:1    | Gained mutation: You are frail (-10% HP). [potion of mutation]
 67679 | Elf:1    | Lost mutation: Your natural rate of healing is unusually fast. [potion of mutation]
 67909 | Elf:2    | Found a runed gate.
 67944 | Elf:2    | Found a runed gate.
 67944 | Elf:2    | Found a runed gate.
 68042 | Elf:2    | XOM: divination: detect items
 68103 | Elf:2    | XOM: god gift: lamp of fire
 68200 | Elf:2    | Found an ancient bone altar of Kikubaaqudgha.
 68283 | Elf:2    | XOM: harmless Trmt miscast
 68898 | Elf:2    | XOM: god gift: 7 needles of confusion
 69093 | Elf:3    | Entered Level 3 of the Elven Halls
 69360 | Elf:3    | XOM: potion effect (brilliance)
 69382 | Elf:3    | Found Ralosh's Assorted Antiques.
 69396 | Elf:3    | Bought a scroll of blinking for 195 gold pieces
 69396 | Elf:3    | Bought a potion of curing for 78 gold pieces
 70139 | Elf:3    | XOM: divination: detect creatures
 70406 | Elf:3    | XOM: medium Air miscast
 70749 | Elf:3    | XOM: scenery: 2 doors close
 70823 | Elf:3    | XOM: divination: magic mapping
 70849 | Elf:3    | XOM: polymorph deep elf sorcerer -> something unseen
 70856 | Elf:3    | XOM: confusion (+ monsters)
 70889 | Elf:3    | XOM: give mutations
 70889 | Elf:3    | Lost mutation: You are frail (-10% HP). [Xom's mischief]
 70889 | Elf:3    | Lost mutation: Your body sometimes deteriorates upon taking damage. [Xom's mischief]
 70889 | Elf:3    | Lost mutation: You occasionally shout uncontrollably at your foes. [Xom's mischief]
 70889 | Elf:3    | Lost mutation: You can translocate small distances at will. [Xom's mischief]
 71187 | Elf:3    | Got a brightly glowing lajatang {freeze}
 71188 | Elf:3    | Identified the cursed +1 lajatang of Ilet Coneotz {freeze, rElec MP+9} (You took it off a deep elf demonologist on level 3 of the Elven Halls)
 71201 | Elf:3    | Got a slimy ice dragon armour
 71204 | Elf:3    | Identified the +3 ice dragon armour of Royalty {rF- rC++ MR- Regen+ SInv Stlth-} (You took it off a deep elf blademaster on level 3 of the Elven Halls)
 71403 | Elf:3    | XOM: confuse monster(s)
 71602 | Elf:3    | XOM: give mutation
 71602 | Elf:3    | Gained mutation: Armour fits poorly on your strangely shaped body. [Xom's mischief]
 71620 | Elf:3    | XOM: enchant monster (bad)
 71622 | Elf:3    | XOM: harmless Trmt miscast
 71748 | Elf:3    | XOM: polymorph deep elf sorcerer -> catoblepas
 71881 | Elf:3    | XOM: enchant monster (good)
 71892 | Elf:3    | XOM: fake destruction
 72267 | Elf:3    | Reached XP level 22. HP: 174/217 MP: 34/34
 72360 | Elf:3    | XOM: vitrification
 72493 | Elf:3    | XOM: summons friendly quasit
 72533 | Elf:3    | XOM: polymorph deep elf annihilator -> storm dragon
 72609 | Elf:3    | XOM: stat loss: -1 Int (8/9)
 72819 | Elf:3    | Got a scorched chain mail
 72828 | Elf:3    | Identified a +6 rod of shadows (11/11) {!a} (You found it on level 3 of the Elven Halls)
 72851 | Elf:3    | Identified the +5 chain mail of the Wheelwright {rF+++ rC- MP+9 Str-3} (You took it off a deep elf blademaster on level 3 of the Elven Halls)
 73015 | Elf:3    | Got a polished dagger
 73018 | Elf:3    | Identified Zotzaiva's Volume of Earthen Flight
 73048 | Elf:3    | Identified the Reference Book on Lucky Intoxication (You found it on level 3 of the Elven Halls)
 73071 | Elf:3    | Identified Gajutut's Reference Book on Ignition and the Entourage
 73403 | Spider:2 | XOM: medium Pois miscast
 73432 | Lair:4   | XOM: colour smoke trail
 74014 | D:12     | XOM: noise
 74151 | Depths:1 | Entered Level 1 of the Depths
 74334 | D:15     | XOM: noise
 74475 | D:15     | XOM: summons friendly white imp
 74711 | D:15     | XOM: mild Erth miscast
 74717 | Depths:1 | XOM: harmless Chrm miscast
 74727 | D:15     | XOM: confuse monster(s)
 74737 | D:15     | XOM: summons 2 hostile shadow creatures
 75028 | D:15     | XOM: scenery: 1 fountains blood, 1 doors open
 75554 | D:15     | XOM: divination: detect creatures
 75756 | D:15     | XOM: give mutations
 75756 | D:15     | Gained mutation: You are partially covered in slimy green scales (AC +2). [Xom's grace]
 75756 | D:15     | Gained mutation: Your natural rate of healing is unusually fast. [Xom's grace]
 75756 | D:15     | Gained mutation: Your muscles are very strong. (Str +4) [Xom's grace]
 75756 | D:15     | Gained mutation: You have very sharp teeth. [Xom's grace]
 76052 | D:15     | XOM: smoke on damage
 76094 | D:15     | Gained mutation: You have large cloven feet. [mutagenic meat]
 76165 | D:15     | XOM: give mutations
 76165 | D:15     | Gained mutation: Your mind is acute. (Int +2) [Xom's grace]
 76165 | D:15     | Gained mutation: You are robust (+10% HP). [Xom's grace]
 76408 | Depths:1 | XOM: destruction
 76409 | D:15     | XOM: enchant monster (good)
 76640 | Depths:1 | Paralysed by a lich for 4 turns
 76643 | Depths:1 | HP: 7/238 [ettin/dire flail (23)]
 76661 | Depths:1 | XOM: polymorph entropy weaver -> ice dragon
 76663 | Depths:1 | Found a gateway to Hell.
 76716 | Depths:2 | Found a gateway to a ziggurat.
 76722 | Depths:2 | Lost mutation: You have large cloven feet. [mutagenic glow]
 76753 | Depths:1 | Found a one-way gate to the infinite horrors of the Abyss.
 76760 | Depths:1 | XOM: 3-stop teleportation journey
 76770 | Depths:1 | HP: 11/238 [ettin/dire flail (36)]
 76771 | Depths:1 | Hit by a large rock thrown by a stone giant

Skill      XL: |  1  2  3  4  5  6  7  8  9 10 11 12 13 14 15 16 17 18 19 20 21 22 |
---------------+-------------------------------------------------------------------+-----
Long Blades    | 4 6 7 10 11 12 15 18 20 | 20.0
Shields        | 2 3 5 |  5.1
Fighting       | 5 7 9 11 13 14 16 17 19 20 21 22 | 22.7
Dodging        | 3 6 8 10 | 10.1
Armour         | 4 6 7 9 11 13 15 17 19 20 21 22 | 22.6
Evocations     | 3 6 8 10 12 13 15 16 17 18 | 18.1

Action                   |  1- 3 |  4- 6 |  7- 9 | 10-12 | 13-15 | 16-18 | 19-21 | 22-24 || total
-------------------------+-------+-------+-------+-------+-------+-------+-------+-------++-------
Melee: Falchion          |    76 |   120 |   369 |    28 |       |       |       |       ||   593
       Headbutt          |    11 |    19 |    62 |   134 |   216 |   444 |   473 |    52 ||  1411
       Kick              |       |       |    44 |   203 |    18 |       |       |       ||   265
       Scimitar          |       |       |       |   107 |       |       |       |       ||   107
       Great sword       |       |       |       |   583 |   484 |   998 |  2061 |    54 ||  4180
       Demon blade       |       |       |       |       |   657 |  1540 |       |       ||  2197
       Unarmed           |       |       |       |       |       |    32 |     2 |       ||    34
       Bite              |       |       |       |       |       |     6 |     1 |    11 ||    18
       Tailslap          |       |       |       |       |       |     5 |     1 |       ||     6
       Triple sword      |       |       |       |       |       |       |    93 |   178 ||   271
 Fire: Blowgun           |       |       |       |     2 |     5 |       |       |       ||     7
Throw: Throwing net      |       |       |     3 |     1 |       |       |       |       ||     4
       Tomahawk          |       |       |       |    16 |       |       |       |       ||    16
 Abil: Breathe Fire      |       |       |       |       |       |     2 |     1 |       ||     3
       Evoke Invisibilit |       |       |       |       |       |       |    21 |     5 ||    26
Evoke: Wand              |       |     1 |     4 |     5 |     8 |    60 |    25 |     5 ||   108
       Stone of tremors  |       |       |       |     1 |       |       |     1 |       ||     2
       Disc of storms    |       |       |       |       |       |     4 |     6 |       ||    10
       Box of beasts     |       |       |       |       |       |       |     1 |       ||     1
  Use: Scroll            |     1 |     7 |     7 |    12 |     5 |    26 |    25 |    15 ||    98
       Potion            |       |       |    12 |     4 |     4 |    10 |    16 |     9 ||    55
 Stab: Paralysed         |       |       |     7 |       |     7 |    20 |    14 |       ||    48
       Petrifying        |       |       |     4 |       |       |       |       |       ||     4
       Petrified         |       |       |     1 |       |       |       |       |       ||     1
       Invisible         |       |       |       |     5 |    14 |       |    44 |    12 ||    75
       Confused          |       |       |       |     2 |     4 |     2 |     9 |       ||    17
       Held in net/web   |       |       |       |     1 |       |       |       |       ||     1
       Distracted        |       |       |       |       |       |     2 |     2 |       ||     4
  Eat: Chunk             |       |     7 |    16 |    58 |    46 |    62 |    59 |     9 ||   257
       Fruit             |       |       |       |       |       |     4 |     1 |       ||     5
       Meat ration       |       |       |       |       |       |     5 |     6 |     2 ||    13
       Beef jerky        |       |       |       |       |       |     1 |     1 |       ||     2
Armor: Leather armour    |    19 |    26 |    24 |       |       |       |       |       ||    69
       Skin              |       |       |    27 |       |    18 |    29 |     8 |       ||    82
       Ring mail         |       |       |    35 |    39 |       |       |       |       ||    74
       Chain mail        |       |       |       |    53 |       |   515 |    51 |       ||   619
       Scale mail        |       |       |       |   113 |   125 |       |       |       ||   238
       Plate armour      |       |       |       |       |   268 |   563 |   735 |   181 ||  1747
Dodge: Dodged            |    39 |    62 |   124 |   373 |   599 |  1496 |  1198 |   251 ||  4142
Block: Buckler           |    13 |    29 |    69 |    12 |   115 |   476 |       |       ||   714
       Other             |       |       |       |       |       |   133 |   201 |   162 ||   496
       Reflection        |       |       |       |       |       |     2 |    30 |     9 ||    41
